Islanders vs Oilers
Created - November 27, 2023 at 19:25
Goals
|
| Islanders |
3 |
0 |
1 |
4 |
| Oilers |
0 |
2 |
4 |
6 |
|
Shots
|
| Islanders |
22 |
6 |
5 |
33 |
| Oilers |
10 |
12 |
12 |
34 |
|
1st period
1. Islanders , Anze Kopitar 3 (Vladimir Tarasenko 12, Ryan Ellis 17) at 7:11
2. Islanders , Vladimir Tarasenko 11 (Chris Tierney 12, Anze Kopitar 6) at 15:50 (PP)
3. Islanders , Chris Tierney 5 (Vladimir Tarasenko 13, Anze Kopitar 7) at 17:16
Penalties :
Anze Kopitar (NyI) for Hooking (Minor) at 0:48, Mattias Ekholm (Edm) for Tripping (Minor) at 15:42
2nd period
4. Oilers , Connor McDavid 14 (Kyle Clifford 9, Connor Brown 18) at 16:11
5. Oilers , Connor McDavid 15 (Connor Brown 19, Kyle Clifford 10) at 16:26
Penalties :
Dalton Prout (Edm) for Tripping (Minor) at 3:42
3rd period
6. Oilers , Kyle Clifford 7 (Ryan Nugent-Hopkins 7) at 4:22 (PP)
7. Oilers , Frederik Gauthier 5 (Connor McDavid 9) at 4:50
8. Oilers , Ryan Nugent-Hopkins 6 (Marcus Pettersson 5, Kyle Clifford 11) at 13:41 (PP)
9. Islanders , Emerson Etem 2 (Dylan McIlrath 3, Melker Karlsson 6) at 17:13
10. Oilers , Darnell Nurse 3 (Dalton Prout 6) at 19:18 (Empty Net)
Penalties :
Kellan Lain (NyI) for Hooking (Minor) at 3:59, Brayden McNabb (NyI) for Holding (Minor) at 5:37, Jason Akeson (NyI) for Hooking (Minor) at 8:08, Anze Kopitar (NyI) for Holding (Minor) at 12:25, Dalton Prout (Edm) for Hooking (Minor) at 14:35
Goalie Stats
Cam Ward (NyI), 28 saves from 33 shots - (0.848), L, 6-7-0, 59:38 minutes
Mikko Koskinen (Edm), 29 saves from 33 shots - (0.879), W, 3-2-0, 60:00 minutes
Players Stats for Islanders
Player Name G A P +/- PIM S H SB GA TA FO MP PP MP PK MP
------------------------------------------------------------------------------------
Andrew Shaw 0 0 0 0 0 0 1 0 0 0 1/2 10:20 0:00 0:00
Anze Kopitar 1 2 3 -1 4 6 4 3 0 1 15/28 21:27 2:24 2:22
Brayden McNabb 0 0 0 -3 2 2 2 1 0 0 0/0 19:06 1:30 2:42
Brock McGinn 0 0 0 0 0 2 0 0 0 0 2/2 13:59 0:00 2:28
Chris Tierney 1 1 2 -1 0 1 1 0 0 0 1/2 22:12 2:24 4:09
Christian Fischer 0 0 0 1 0 1 1 1 0 0 0/0 6:32 0:00 0:00
Dylan McIlrath 0 1 1 2 0 0 0 1 0 1 0/0 10:53 0:00 0:53
Emerson Etem 1 0 1 1 0 3 0 0 0 1 0/0 8:57 0:00 1:04
Jason Akeson 0 0 0 -1 2 1 1 0 0 0 0/0 16:23 1:42 0:00
Kellan Lain 0 0 0 -1 2 1 2 1 0 0 0/0 18:01 1:42 1:48
Melker Karlsson 0 1 1 0 0 1 0 1 0 1 3/11 11:41 0:00 1:33
Michael Latta 0 0 0 -1 0 5 0 0 1 0 10/15 18:02 1:42 1:48
Nikita Zadorov 0 0 0 -3 0 2 1 0 1 1 0/0 19:51 1:30 3:37
Ryan Ellis 0 1 1 0 0 3 1 2 1 0 0/0 30:11 2:36 4:01
Ryan Hartman 0 0 0 1 0 1 1 0 1 0 0/3 6:32 0:00 0:00
Thomas Chabot 0 0 0 2 0 0 1 0 0 0 0/0 9:49 0:00 0:00
Vladimir Tarasenko 1 2 3 -1 0 3 2 0 1 0 0/0 18:03 2:24 0:00
Yann Sauvé 0 0 0 0 0 1 3 1 0 2 0/0 30:20 2:36 3:59
Players Stats for Oilers
Player Name G A P +/- PIM S H SB GA TA FO MP PP MP PK MP
------------------------------------------------------------------------------------
Anton Slepyshev 0 0 0 1 0 1 0 0 0 0 0/1 11:39 0:00 0:50
Brady Skjei 0 0 0 -1 0 3 3 2 0 1 0/0 24:53 4:00 2:04
Connor Brown 0 2 2 2 0 2 2 0 1 0 0/0 20:45 3:30 0:00
Connor McDavid 2 1 3 2 0 5 0 0 2 0 10/25 21:39 3:24 0:53
Dalton Prout 0 1 1 2 4 1 0 0 0 0 0/0 14:01 0:00 0:08
Darnell Nurse 1 0 1 2 0 2 2 1 0 0 0/0 23:39 3:36 2:22
Frederik Gauthier 1 0 1 1 0 4 0 0 1 0 5/6 11:56 0:00 1:06
Jake Virtanen 0 0 0 -1 0 1 0 0 0 0 0/0 7:30 0:13 0:00
Jeff Schultz 0 0 0 -1 0 0 1 0 0 1 0/0 27:24 4:00 1:55
Kyle Clifford 1 3 4 2 0 4 1 0 1 1 1/3 22:12 3:26 2:10
Leon Draisaitl 0 0 0 -1 0 4 0 0 0 2 0/0 18:25 3:43 1:06
Marcus Pettersson 0 1 1 0 0 0 0 0 0 0 0/0 18:25 3:36 1:43
Mark Jankowski 0 0 0 -1 0 0 0 0 0 0 1/3 7:17 0:00 0:00
Mattias Ekholm 0 0 0 0 2 0 3 0 1 0 0/0 11:43 0:00 0:00
Remi Elie 0 0 0 -1 0 1 0 0 0 0 0/0 7:17 0:00 0:00
Ryan Nugent-Hopkins 1 1 2 -1 0 3 2 1 1 0 14/23 18:49 3:53 2:07
Tyler Bertuzzi 0 0 0 1 0 2 0 0 0 0 0/1 11:35 0:46 0:00
Zach Hyman 0 0 0 -1 0 1 2 0 0 0 0/1 16:42 3:53 0:00
3 Stars
1 - Kyle Clifford (Edm)
2 - Connor McDavid (Edm)
3 - Darnell Nurse (Edm)
Power Play
Islanders - 1 on 3 Attempt(s) - 33.33%
Oilers - 2 on 5 Attempt(s) - 40.00%
Penalty Kill
Islanders - 3 on 5 Attempt(s) - 60.00%
- Score 0 goal in Penalty Kill
Oilers - 2 on 3 Attempt(s) - 66.67%
- Score 0 goal in Penalty Kill
Team Stat
Islanders - Hits : 21 - Faceoff Wins : 32 - Blocked Shots : 11 - Penalty Minutes : 10
Oilers - Hits : 16 - Faceoff Wins : 31 - Blocked Shots : 4 - Penalty Minutes : 6
Official
Referees : Brandon Blandina and Trevor Hanson
Linesman : Kory Nagy and Bevan Mills
Game Notes
Darnell Nurse has scored in a empty net!
Finance
Level 1 -- Attendance: 5931 (98.85%) -- Ticket Income $593,100
Level 2 -- Attendance: 4756 (95.12%) -- Ticket Income $285,360
Level 3 -- Attendance: 1830 (91.50%) -- Ticket Income $64,050
Level 4 -- Attendance: 3662 (91.55%) -- Ticket Income $91,550
Luxury Box -- Attendance: 930 (93.00%) -- Ticket Income $186,000
Game was played at the Rodgers Place.
Total Attendance: 17109 (95.05%)
Total Ticket Income: $1,220,060
Other Income: $183,009
Total Income: $1,403,069
Islanders
5 vs 5 Forward
Center Left Wing Right Wing Time % Phy DF OF
1 Anze Kopitar Chris Tierney Vladimir Tarasenko 40 1 2 2
2 Michael Latta Kellan Lain Jason Akeson 30 1 2 2
3 Melker Karlsson Brock McGinn Andrew Shaw 20 1 2 2
4 Ryan Hartman Emerson Etem Christian Fischer 10 1 2 2
5 vs 5 Defense
Defense Defense Time % Phy DF OF
1 Ryan Ellis Yann Sauvé 40 1 2 2
2 Nikita Zadorov Brayden McNabb 30 1 2 2
3 Dylan McIlrath Thomas Chabot 20 1 2 2
4 Ryan Ellis Yann Sauvé 10 1 2 2
PowerPlay Forward
Center Left Wing Right Wing Time % Phy DF OF
1 Anze Kopitar Chris Tierney Vladimir Tarasenko 60 1 2 2
2 Michael Latta Kellan Lain Jason Akeson 40 1 2 2
PowerPlay Defense
Defense Defense Time % Phy DF OF
1 Ryan Ellis Yann Sauvé 60 1 2 2
2 Nikita Zadorov Brayden McNabb 40 1 2 2
Penalty Kill 4 Players Forward
Center Wing Time % Phy DF OF
1 Anze Kopitar Chris Tierney 60 1 2 2
2 Michael Latta Kellan Lain 40 1 2 2
Penalty Kill 4 Players Defense
Defense Defense Time % Phy DF OF
1 Ryan Ellis Yann Sauvé 60 1 2 2
2 Nikita Zadorov Brayden McNabb 40 1 2 2
Penalty Kill - 3 Players Forward
Forward Time % Phy DF OF
1 Anze Kopitar 60 1 2 2
2 Michael Latta 40 1 2 2
Penalty Kill - 3 Players Defense
Defense Defense Time % Phy DF OF
1 Ryan Ellis Yann Sauvé 60 1 2 2
2 Nikita Zadorov Brayden McNabb 40 1 2 2
4 vs 4 Forward
Center Wing Time % Phy DF OF
1 Anze Kopitar Chris Tierney 60 1 2 2
2 Michael Latta Kellan Lain 40 1 2 2
4 vs 4 Defense
Defense Defense Time % Phy DF OF
1 Ryan Ellis Yann Sauvé 60 1 2 2
2 Nikita Zadorov Brayden McNabb 40 1 2 2
Last Minutes Offensive
Center Left Wing Right Wing Defense Defense
Anze Kopitar Chris Tierney Vladimir Tarasenko Ryan Ellis Yann Sauvé
Last Minutes Defensive
Center Left Wing Right Wing Defense Defense
Anze Kopitar Chris Tierney Vladimir Tarasenko Ryan Ellis Yann Sauvé
Goaltenders
Starting : Cam Ward
Backup : Joonas Korpisalo
Extra Forwards
Normal : Brock McGinn, Emerson Etem, Michael Latta - PP : Brock McGinn, Emerson Etem - PK : Brock McGinn
Extra Defensemen
Normal : Brayden McNabb, Dylan McIlrath, Thomas Chabot - PP : Brayden McNabb - PK : Brayden McNabb, Dylan McIlrath
Penalty Shots
Vladimir Tarasenko, Anze Kopitar, Chris Tierney, Kellan Lain, Brock McGinn
Custom OT Lines Forwards
Vladimir Tarasenko, Anze Kopitar, Chris Tierney, Kellan Lain, Brock McGinn, Emerson Etem, Michael Latta, Jason Akeson, Melker Karlsson, Andrew Shaw
Custom OT Lines Defensemen
Ryan Ellis, Yann Sauvé, Nikita Zadorov, Brayden McNabb, Dylan McIlrath
Scratches
James Livingstone (Healthy), Jason Spezza (Healthy), Sergei Plotnikov (Healthy)
Oilers
5 vs 5 Forward
Center Left Wing Right Wing Time % Phy DF OF
1 Connor McDavid Kyle Clifford Connor Brown 40 1 2 2
2 Ryan Nugent-Hopkins Leon Draisaitl Zach Hyman 30 1 2 2
3 Frederik Gauthier Anton Slepyshev Tyler Bertuzzi 20 1 2 2
4 Mark Jankowski Remi Elie Jake Virtanen 10 1 2 2
5 vs 5 Defense
Defense Defense Time % Phy DF OF
1 Brady Skjei Jeff Schultz 40 1 2 2
2 Darnell Nurse Dalton Prout 30 1 2 2
3 Marcus Pettersson Mattias Ekholm 20 1 2 2
4 Jeff Schultz Darnell Nurse 10 1 2 2
PowerPlay Forward
Center Left Wing Right Wing Time % Phy DF OF
1 Connor McDavid Leon Draisaitl Connor Brown 60 0 2 3
2 Ryan Nugent-Hopkins Kyle Clifford Zach Hyman 40 0 2 3
PowerPlay Defense
Defense Defense Time % Phy DF OF
1 Brady Skjei Jeff Schultz 60 0 2 3
2 Marcus Pettersson Darnell Nurse 40 0 2 3
Penalty Kill 4 Players Forward
Center Wing Time % Phy DF OF
1 Ryan Nugent-Hopkins Kyle Clifford 60 0 4 1
2 Frederik Gauthier Leon Draisaitl 40 0 4 1
Penalty Kill 4 Players Defense
Defense Defense Time % Phy DF OF
1 Brady Skjei Darnell Nurse 60 0 5 0
2 Jeff Schultz Dalton Prout 40 0 5 0
Penalty Kill - 3 Players Forward
Forward Time % Phy DF OF
1 Connor McDavid 60 0 5 0
2 Ryan Nugent-Hopkins 40 0 5 0
Penalty Kill - 3 Players Defense
Defense Defense Time % Phy DF OF
1 Brady Skjei Darnell Nurse 60 0 5 0
2 Jeff Schultz Dalton Prout 40 0 5 0
4 vs 4 Forward
Center Wing Time % Phy DF OF
1 Connor McDavid Kyle Clifford 60 1 2 2
2 Ryan Nugent-Hopkins Leon Draisaitl 40 1 2 2
4 vs 4 Defense
Defense Defense Time % Phy DF OF
1 Brady Skjei Darnell Nurse 60 1 2 2
2 Jeff Schultz Dalton Prout 40 1 2 2
Last Minutes Offensive
Center Left Wing Right Wing Defense Defense
Connor McDavid Kyle Clifford Connor Brown Brady Skjei Darnell Nurse
Last Minutes Defensive
Center Left Wing Right Wing Defense Defense
Connor McDavid Kyle Clifford Connor Brown Brady Skjei Darnell Nurse
Goaltenders
Starting : Mikko Koskinen
Backup : Carter Hart
Extra Forwards
Normal : Ryan Nugent-Hopkins, Tyler Bertuzzi, Zach Hyman - PP : Ryan Nugent-Hopkins, Tyler Bertuzzi - PK : Ryan Nugent-Hopkins
Extra Defensemen
Normal : Jeff Schultz, Marcus Pettersson, Mattias Ekholm - PP : Dalton Prout - PK : Dalton Prout, Marcus Pettersson
Penalty Shots
Connor McDavid, Kyle Clifford, Connor Brown, Leon Draisaitl, Ryan Nugent-Hopkins
Custom OT Lines Forwards
Connor McDavid, Kyle Clifford, Connor Brown, Leon Draisaitl, Ryan Nugent-Hopkins, Tyler Bertuzzi, Zach Hyman, Frederik Gauthier, Jake Virtanen, Anton Slepyshev
Custom OT Lines Defensemen
Brady Skjei, Darnell Nurse, Jeff Schultz, Dalton Prout, Marcus Pettersson
Scratches
Timo Meier (Chest/Ribs Injury), C.J. Smith (Right Forearm Injury)
% Time on Ice - Islanders
Lines # - Real PCT - Wanted PCT - Time Play
Normal Forward
1 - 35% - 40% - 16:54
2 - 31% - 30% - 14:44
3 - 21% - 20% - 10:08
4 - 14% - 10% - 6:32
Normal Defense
1 - 42% - 40% - 20:05
2 - 31% - 30% - 14:44
3 - 20% - 20% - 9:49
4 - 8% - 10% - 3:40
PP Forward
1 - 59% - 60% - 2:24
2 - 41% - 40% - 1:42
PP Defense
1 - 63% - 60% - 2:36
2 - 37% - 40% - 1:30
PK Forward
1 - 76% - 60% - 5:48
2 - 24% - 40% - 1:48
PK Defense
1 - 52% - 60% - 3:59
2 - 48% - 40% - 3:37
PK3 Forward
1 - 0% - 60%
2 - 0% - 40%
PK3 Defense
1 - 0% - 60%
2 - 0% - 40%
44 Forward
1 - 0% - 60%
2 - 0% - 40%
44 Defense
1 - 0% - 60%
2 - 0% - 40%
Last Minute Offensive - 0:00
Last Minute Defensive - 0:00
Total
Forward - 60:00
Defense - 60:00
|
% Time on Ice - Oilers
Lines # - Real PCT - Wanted PCT - Time Play
Normal Forward
1 - 36% - 40% - 17:22
2 - 27% - 30% - 12:50
3 - 22% - 20% - 10:49
4 - 15% - 10% - 7:17
Normal Defense
1 - 38% - 40% - 18:25
2 - 34% - 30% - 16:14
3 - 23% - 20% - 11:03
4 - 5% - 10% - 2:36
PP Forward
1 - 49% - 60% - 3:43
2 - 51% - 40% - 3:53
PP Defense
1 - 53% - 60% - 4:00
2 - 47% - 40% - 3:36
PK Forward
1 - 73% - 60% - 3:00
2 - 27% - 40% - 1:06
PK Defense
1 - 46% - 60% - 1:54
2 - 54% - 40% - 2:12
PK3 Forward
1 - 0% - 60%
2 - 0% - 40%
PK3 Defense
1 - 0% - 60%
2 - 0% - 40%
44 Forward
1 - 0% - 60%
2 - 0% - 40%
44 Defense
1 - 0% - 60%
2 - 0% - 40%
Last Minute Offensive - 0:00
Last Minute Defensive - 0:00
Total
Forward - 60:00
Defense - 60:00
|
Play-by-Play
1st period
0:01 of 1st period - Connor McDavid wins face-off versus Anze Kopitar in neutral zone.
0:25 of 1st period - Jeff Schultz is hit by Anze Kopitar.
0:46 of 1st period - Wrist shot by Connor Brown.
0:46 of 1st period - Stopped by Cam Ward with a rebound.
0:48 of 1st period - Minor Penalty to Anze Kopitar for Hooking.
0:49 of 1st period - Brock McGinn wins face-off versus Ryan Nugent-Hopkins in Islanders zone.
2:02 of 1st period - Jeff Schultz is hit by Kellan Lain and loses puck.
2:48 of 1st period - Penalty to Anze Kopitar is over, Anze Kopitar is back on ice.
3:13 of 1st period - Snap shot by Anze Kopitar.
3:13 of 1st period - Stopped by Mikko Koskinen with a rebound.
3:15 of 1st period - Slapshot by Nikita Zadorov.
3:15 of 1st period - Shot Misses the Net.
3:21 of 1st period - Snap shot by Anze Kopitar.
3:21 of 1st period - Shot Blocked by Darnell Nurse.
3:25 of 1st period - Wrist shot by Brock McGinn.
3:25 of 1st period - Deflect By Connor Brown.
3:25 of 1st period - Stopped by Mikko Koskinen with a rebound.
3:27 of 1st period - Backhand shot by Emerson Etem.
3:27 of 1st period - Shot Misses the Net.
3:39 of 1st period - Slapshot by Anze Kopitar.
3:39 of 1st period - Stopped by Mikko Koskinen with a rebound.
3:41 of 1st period - Wrist shot by Anze Kopitar.
3:41 of 1st period - Stopped by Mikko Koskinen without a rebound.
3:42 of 1st period - Frederik Gauthier wins face-off versus Michael Latta in Oilers zone.
3:53 of 1st period - Wrist shot by Anton Slepyshev.
3:53 of 1st period - Shot Blocked by Kellan Lain.
4:11 of 1st period - Icing by Brady Skjei.
4:12 of 1st period - Anze Kopitar wins face-off versus Mark Jankowski in Oilers zone.
4:44 of 1st period - Wrist shot by Frederik Gauthier.
4:44 of 1st period - Stopped by Cam Ward without a rebound.
4:45 of 1st period - Ryan Nugent-Hopkins wins face-off versus Ryan Hartman in Islanders zone.
4:46 of 1st period - Snap shot by Leon Draisaitl.
4:46 of 1st period - Shot Misses the Net.
4:48 of 1st period - Backhand shot by Ryan Nugent-Hopkins.
4:48 of 1st period - Shot Blocked by Christian Fischer.
4:50 of 1st period - Wrist shot by Zach Hyman.
4:50 of 1st period - Stopped by Cam Ward without a rebound.
4:51 of 1st period - Ryan Nugent-Hopkins wins face-off versus Ryan Hartman in Islanders zone.
4:54 of 1st period - Snap shot by Ryan Nugent-Hopkins.
4:54 of 1st period - Stopped by Cam Ward without a rebound.
4:55 of 1st period - Ryan Nugent-Hopkins wins face-off versus Ryan Hartman in Islanders zone.
4:58 of 1st period - Snap shot by Leon Draisaitl.
4:58 of 1st period - Shot Misses the Net.
5:18 of 1st period - Slapshot by Emerson Etem.
5:18 of 1st period - Shot Misses the Net.
5:20 of 1st period - Slapshot by Yann Sauvé.
5:20 of 1st period - Shot Blocked by Ryan Nugent-Hopkins.
5:22 of 1st period - Wrist shot by Ryan Ellis.
5:22 of 1st period - Stopped by Mikko Koskinen without a rebound.
5:23 of 1st period - Melker Karlsson wins face-off versus Tyler Bertuzzi in Oilers zone.
5:26 of 1st period - Snap shot by Melker Karlsson.
5:26 of 1st period - Stopped by Mikko Koskinen with a rebound.
5:53 of 1st period - Brady Skjei is hit by Jason Akeson.
5:57 of 1st period - Snap shot by Michael Latta.
5:57 of 1st period - Shot Misses the Net.
6:22 of 1st period - Leon Draisaitl is hit by Anze Kopitar and loses puck.
7:09 of 1st period - Snap shot by Vladimir Tarasenko.
7:09 of 1st period - Stopped by Mikko Koskinen with a rebound.
7:11 of 1st period - Snap shot by Anze Kopitar.
7:11 of 1st period - Goal by Anze Kopitar - Islanders : 1 - Oilers : 0.
7:12 of 1st period - Michael Latta wins face-off versus Ryan Nugent-Hopkins in neutral zone.
7:14 of 1st period - Off-side.
7:15 of 1st period - Michael Latta wins face-off versus Ryan Nugent-Hopkins in neutral zone.
7:18 of 1st period - Wrist shot by Kellan Lain.
7:18 of 1st period - Shot Misses the Net.
7:20 of 1st period - Slapshot by Nikita Zadorov.
7:20 of 1st period - Shot Misses the Net.
7:24 of 1st period - Snap shot by Michael Latta.
7:24 of 1st period - Stopped by Mikko Koskinen without a rebound.
7:25 of 1st period - Kyle Clifford wins face-off versus Melker Karlsson in Oilers zone.
8:03 of 1st period - Snap shot by Leon Draisaitl.
8:03 of 1st period - Stopped by Cam Ward with a rebound.
9:27 of 1st period - Michael Latta is hit by Ryan Nugent-Hopkins and loses puck.
9:46 of 1st period - Slapshot by Emerson Etem.
9:46 of 1st period - Stopped by Mikko Koskinen with a rebound.
9:48 of 1st period - Wrist shot by Nikita Zadorov.
9:48 of 1st period - Stopped by Mikko Koskinen without a rebound.
9:49 of 1st period - Connor McDavid wins face-off versus Melker Karlsson in Oilers zone.
9:59 of 1st period - Off-side.
10:00 of 1st period - Connor McDavid wins face-off versus Michael Latta in neutral zone.
10:47 of 1st period - Slapshot by Vladimir Tarasenko.
10:47 of 1st period - Stopped by Mikko Koskinen with a rebound.
10:49 of 1st period - Snap shot by Anze Kopitar.
10:49 of 1st period - Shot Misses the Net.
10:51 of 1st period - Snap shot by Anze Kopitar.
10:51 of 1st period - Stopped by Mikko Koskinen with a rebound.
10:53 of 1st period - Snap shot by Anze Kopitar.
10:53 of 1st period - Stopped by Mikko Koskinen with a rebound.
10:55 of 1st period - Slapshot by Vladimir Tarasenko.
10:55 of 1st period - Shot Misses the Net.
10:57 of 1st period - Slapshot by Nikita Zadorov.
10:57 of 1st period - Stopped by Mikko Koskinen with a rebound.
11:07 of 1st period - Mattias Ekholm is hit by Ryan Hartman.
11:31 of 1st period - Jason Akeson is hit by Darnell Nurse.
12:12 of 1st period - Snap shot by Chris Tierney.
12:12 of 1st period - Shot Blocked by Brady Skjei.
12:14 of 1st period - Slapshot by Ryan Ellis.
12:14 of 1st period - Stopped by Mikko Koskinen with a rebound.
12:16 of 1st period - Slapshot by Yann Sauvé.
12:16 of 1st period - Stopped by Mikko Koskinen without a rebound.
12:17 of 1st period - Michael Latta wins face-off versus Connor McDavid in Oilers zone.
12:49 of 1st period - Snap shot by Connor Brown.
12:49 of 1st period - Stopped by Cam Ward with a rebound.
13:29 of 1st period - Snap shot by Emerson Etem.
13:29 of 1st period - Shot Misses the Net.
13:31 of 1st period - Slapshot by Brayden McNabb.
13:31 of 1st period - Deflect By Christian Fischer.
13:31 of 1st period - Stopped by Mikko Koskinen with a rebound.
13:33 of 1st period - Slapshot by Nikita Zadorov.
13:33 of 1st period - Shot Misses the Net.
13:35 of 1st period - Snap shot by Christian Fischer.
13:35 of 1st period - Shot Misses the Net.
13:45 of 1st period - Slapshot by Mark Jankowski.
13:45 of 1st period - Shot Misses the Net.
13:47 of 1st period - Snap shot by Mark Jankowski.
13:47 of 1st period - Shot Misses the Net.
13:49 of 1st period - Snap shot by Jeff Schultz.
13:49 of 1st period - Shot Misses the Net.
13:51 of 1st period - Slapshot by Darnell Nurse.
13:51 of 1st period - Shot Hit the Post.
13:53 of 1st period - Backhand shot by Jeff Schultz.
13:53 of 1st period - Shot Misses the Net.
13:55 of 1st period - Wrist shot by Remi Elie.
13:55 of 1st period - Stopped by Cam Ward with a rebound.
13:57 of 1st period - Slapshot by Darnell Nurse.
13:57 of 1st period - Stopped by Cam Ward without a rebound.
13:58 of 1st period - Ryan Nugent-Hopkins wins face-off versus Anze Kopitar in Islanders zone.
14:03 of 1st period - Wrist shot by Leon Draisaitl.
14:03 of 1st period - Stopped by Cam Ward with a rebound.
15:42 of 1st period - Minor Penalty to Mattias Ekholm for Tripping.
15:43 of 1st period - Anze Kopitar wins face-off versus Ryan Nugent-Hopkins in Oilers zone.
15:50 of 1st period - Wrist shot by Vladimir Tarasenko.
15:50 of 1st period - Goal by Vladimir Tarasenko - Islanders : 2 - Oilers : 0.
15:51 of 1st period - Michael Latta wins face-off versus Connor McDavid in neutral zone.
16:23 of 1st period - Wrist shot by Anton Slepyshev.
16:23 of 1st period - Stopped by Cam Ward without a rebound.
16:24 of 1st period - Frederik Gauthier wins face-off versus Anze Kopitar in Islanders zone.
16:38 of 1st period - Wrist shot by Anze Kopitar.
16:38 of 1st period - Shot Misses the Net.
16:40 of 1st period - Snap shot by Chris Tierney.
16:40 of 1st period - Deflect By Anze Kopitar.
16:40 of 1st period - Shot Misses the Net.
16:40 of 1st period - Puck is out of play.
16:41 of 1st period - Melker Karlsson wins face-off versus Connor McDavid in Oilers zone.
16:56 of 1st period - Snap shot by Ryan Ellis.
16:56 of 1st period - Stopped by Mikko Koskinen with a rebound.
17:06 of 1st period - Yann Sauvé is hit by Zach Hyman.
17:16 of 1st period - Wrist shot by Chris Tierney.
17:16 of 1st period - Goal by Chris Tierney - Islanders : 3 - Oilers : 0.
17:17 of 1st period - Anze Kopitar wins face-off versus Connor McDavid in neutral zone.
17:24 of 1st period - Jeff Schultz is hit by Anze Kopitar and loses puck.
17:50 of 1st period - Slapshot by Kellan Lain.
17:50 of 1st period - Stopped by Mikko Koskinen without a rebound.
17:51 of 1st period - Melker Karlsson wins face-off versus Ryan Nugent-Hopkins in Oilers zone.
18:50 of 1st period - Connor McDavid is hit by Ryan Ellis and loses puck.
19:07 of 1st period - Snap shot by Frederik Gauthier.
19:07 of 1st period - Shot Blocked by Ryan Ellis.
Goals for this period are 3 for Islanders vs 0 for Oilers.
Shots for this period are 22 for Islanders vs 10 for Oilers.
2nd period
0:01 of 2nd period - Connor McDavid wins face-off versus Chris Tierney in neutral zone.
0:52 of 2nd period - Snap shot by Frederik Gauthier.
0:52 of 2nd period - Shot Misses the Net.
0:54 of 2nd period - Snap shot by Frederik Gauthier.
0:54 of 2nd period - Stopped by Cam Ward with a rebound.
1:58 of 2nd period - Michael Latta is hit by Mattias Ekholm and loses puck.
2:59 of 2nd period - Snap shot by Kyle Clifford.
2:59 of 2nd period - Shot Misses the Net.
3:12 of 2nd period - Connor McDavid is hit by Thomas Chabot and loses puck.
3:21 of 2nd period - Wrist shot by Kyle Clifford.
3:21 of 2nd period - Stopped by Cam Ward without a rebound.
3:22 of 2nd period - Anze Kopitar wins face-off versus Zach Hyman in Islanders zone.
3:42 of 2nd period - Minor Penalty to Dalton Prout for Tripping.
3:43 of 2nd period - Ryan Nugent-Hopkins wins face-off versus Anze Kopitar in Oilers zone.
5:42 of 2nd period - Penalty to Dalton Prout is over, Dalton Prout is back on ice.
5:55 of 2nd period - Brock McGinn is hit by Mattias Ekholm and loses puck.
7:09 of 2nd period - Brady Skjei is hit by Anze Kopitar and loses puck.
7:20 of 2nd period - Wrist shot by Tyler Bertuzzi.
7:20 of 2nd period - Shot Misses the Net.
7:22 of 2nd period - Snap shot by Tyler Bertuzzi.
7:22 of 2nd period - Stopped by Cam Ward without a rebound.
7:23 of 2nd period - Frederik Gauthier wins face-off versus Andrew Shaw in Islanders zone.
7:36 of 2nd period - Wrist shot by Frederik Gauthier.
7:36 of 2nd period - Deflect By Ryan Ellis.
7:36 of 2nd period - Shot Misses the Net.
7:36 of 2nd period - Puck is out of play.
7:37 of 2nd period - Ryan Nugent-Hopkins wins face-off versus Michael Latta in Islanders zone.
7:44 of 2nd period - Slapshot by Leon Draisaitl.
7:44 of 2nd period - Shot Misses the Net.
8:35 of 2nd period - Wrist shot by Brock McGinn.
8:35 of 2nd period - Stopped by Mikko Koskinen without a rebound.
8:36 of 2nd period - Connor McDavid wins face-off versus Michael Latta in Oilers zone.
8:47 of 2nd period - Slapshot by Kyle Clifford.
8:47 of 2nd period - Stopped by Cam Ward with a rebound.
8:58 of 2nd period - Kellan Lain is hit by Kyle Clifford and loses puck.
9:26 of 2nd period - Wrist shot by Michael Latta.
9:26 of 2nd period - Stopped by Mikko Koskinen without a rebound.
9:27 of 2nd period - Anze Kopitar wins face-off versus Ryan Nugent-Hopkins in Oilers zone.
9:34 of 2nd period - Wrist shot by Ryan Nugent-Hopkins.
9:34 of 2nd period - Shot Misses the Net.
10:51 of 2nd period - Slapshot by Michael Latta.
10:51 of 2nd period - Stopped by Mikko Koskinen with a rebound.
10:57 of 2nd period - Jason Akeson is hit by Mattias Ekholm and loses puck.
11:16 of 2nd period - Snap shot by Emerson Etem.
11:16 of 2nd period - Stopped by Mikko Koskinen without a rebound.
11:17 of 2nd period - Ryan Nugent-Hopkins wins face-off versus Anze Kopitar in Oilers zone.
11:22 of 2nd period - Chris Tierney is hit by Jeff Schultz and loses puck.
11:52 of 2nd period - Wrist shot by Kyle Clifford.
11:52 of 2nd period - Shot Misses the Net.
11:54 of 2nd period - Slapshot by Kyle Clifford.
11:54 of 2nd period - Deflect By Connor McDavid.
11:54 of 2nd period - Stopped by Cam Ward with a rebound.
12:04 of 2nd period - Snap shot by Jake Virtanen.
12:04 of 2nd period - Shot Misses the Net.
12:06 of 2nd period - Snap shot by Dalton Prout.
12:06 of 2nd period - Stopped by Cam Ward without a rebound.
12:07 of 2nd period - Mark Jankowski wins face-off versus Melker Karlsson in Islanders zone.
12:12 of 2nd period - Snap shot by Jake Virtanen.
12:12 of 2nd period - Stopped by Cam Ward without a rebound.
12:13 of 2nd period - Anze Kopitar wins face-off versus Connor McDavid in Islanders zone.
13:30 of 2nd period - Slapshot by Nikita Zadorov.
13:30 of 2nd period - Shot Misses the Net.
14:06 of 2nd period - Michael Latta is hit by Ryan Nugent-Hopkins and loses puck.
14:11 of 2nd period - Wrist shot by Leon Draisaitl.
14:11 of 2nd period - Deflect By Ryan Nugent-Hopkins.
14:11 of 2nd period - Stopped by Cam Ward without a rebound.
14:12 of 2nd period - Ryan Nugent-Hopkins wins face-off versus Michael Latta in Islanders zone.
14:17 of 2nd period - Snap shot by Leon Draisaitl.
14:17 of 2nd period - Stopped by Cam Ward with a rebound.
14:23 of 2nd period - Mattias Ekholm is hit by Kellan Lain and loses puck.
15:32 of 2nd period - Jeff Schultz is hit by Christian Fischer and loses puck.
15:43 of 2nd period - Slapshot by Brady Skjei.
15:43 of 2nd period - Deflect By Kellan Lain.
15:43 of 2nd period - Stopped by Cam Ward with a rebound.
16:11 of 2nd period - Snap shot by Connor McDavid.
16:11 of 2nd period - Goal by Connor McDavid - Islanders : 3 - Oilers : 1.
16:12 of 2nd period - Anze Kopitar wins face-off versus Kyle Clifford in neutral zone.
16:26 of 2nd period - Wrist shot by Connor McDavid.
16:26 of 2nd period - Goal by Connor McDavid - Islanders : 3 - Oilers : 2.
16:27 of 2nd period - Anze Kopitar wins face-off versus Connor McDavid in neutral zone.
16:51 of 2nd period - Icing by Yann Sauvé.
16:52 of 2nd period - Ryan Nugent-Hopkins wins face-off versus Anze Kopitar in Islanders zone.
17:23 of 2nd period - Snap shot by Michael Latta.
17:23 of 2nd period - Shot Misses the Net.
17:25 of 2nd period - Slapshot by Yann Sauvé.
17:25 of 2nd period - Deflect By Michael Latta.
17:25 of 2nd period - Stopped by Mikko Koskinen with a rebound.
17:29 of 2nd period - Slapshot by Michael Latta.
17:29 of 2nd period - Stopped by Mikko Koskinen with a rebound.
17:31 of 2nd period - Slapshot by Michael Latta.
17:31 of 2nd period - Shot Misses the Net.
18:07 of 2nd period - Jake Virtanen is hit by Nikita Zadorov.
18:11 of 2nd period - Ryan Hartman is hit by Brady Skjei and loses puck.
18:25 of 2nd period - Off-side.
18:26 of 2nd period - Michael Latta wins face-off versus Ryan Nugent-Hopkins in neutral zone.
19:03 of 2nd period - Snap shot by Connor Brown.
19:03 of 2nd period - Deflect By Kyle Clifford.
19:03 of 2nd period - Shot Blocked by Anze Kopitar.
19:03 of 2nd period - Puck is out of play.
19:04 of 2nd period - Michael Latta wins face-off versus Ryan Nugent-Hopkins in Islanders zone.
19:31 of 2nd period - Connor McDavid is hit by Vladimir Tarasenko and loses puck.
19:40 of 2nd period - Slapshot by Jeff Schultz.
19:40 of 2nd period - Shot Blocked by Anze Kopitar.
19:42 of 2nd period - Wrist shot by Connor Brown.
19:42 of 2nd period - Shot Misses the Net.
19:56 of 2nd period - Slapshot by Brady Skjei.
19:56 of 2nd period - Deflect By Tyler Bertuzzi.
19:56 of 2nd period - Shot Blocked by Melker Karlsson.
19:56 of 2nd period - Puck is out of play.
19:57 of 2nd period - Ryan Nugent-Hopkins wins face-off versus Melker Karlsson in Islanders zone.
19:58 of 2nd period - Snap shot by Leon Draisaitl.
19:58 of 2nd period - Shot Misses the Net.
Goals for this period are 0 for Islanders vs 2 for Oilers.
Shots for this period are 6 for Islanders vs 12 for Oilers.
3rd period
0:01 of 3rd period - Connor McDavid wins face-off versus Anze Kopitar in neutral zone.
0:50 of 3rd period - Off-side.
0:51 of 3rd period - Andrew Shaw wins face-off versus Frederik Gauthier in neutral zone.
1:22 of 3rd period - Wrist shot by Anton Slepyshev.
1:22 of 3rd period - Shot Misses the Net.
1:24 of 3rd period - Snap shot by Anton Slepyshev.
1:24 of 3rd period - Shot Blocked by Ryan Ellis.
1:26 of 3rd period - Snap shot by Frederik Gauthier.
1:26 of 3rd period - Stopped by Cam Ward without a rebound.
1:27 of 3rd period - Anze Kopitar wins face-off versus Connor McDavid in Islanders zone.
1:29 of 3rd period - Icing by Chris Tierney.
1:30 of 3rd period - Anze Kopitar wins face-off versus Connor McDavid in Islanders zone.
2:05 of 3rd period - Snap shot by Kellan Lain.
2:05 of 3rd period - Shot Blocked by Brady Skjei.
2:07 of 3rd period - Slapshot by Brayden McNabb.
2:07 of 3rd period - Stopped by Mikko Koskinen without a rebound.
2:08 of 3rd period - Michael Latta wins face-off versus Connor McDavid in Oilers zone.
2:34 of 3rd period - Ryan Nugent-Hopkins is hit by Yann Sauvé and loses puck.
2:41 of 3rd period - Slapshot by Marcus Pettersson.
2:41 of 3rd period - Deflect By Leon Draisaitl.
2:41 of 3rd period - Shot Blocked by Anze Kopitar.
2:41 of 3rd period - Puck is out of play.
2:42 of 3rd period - Anze Kopitar wins face-off versus Connor McDavid in Islanders zone.
2:42 of 3rd period - Anze Kopitar is hit by Connor Brown.
2:52 of 3rd period - Snap shot by Connor McDavid.
2:52 of 3rd period - Stopped by Cam Ward without a rebound.
2:53 of 3rd period - Chris Tierney wins face-off versus Connor McDavid in Islanders zone.
2:53 of 3rd period - Chris Tierney is hit by Brady Skjei.
3:59 of 3rd period - Minor Penalty to Kellan Lain for Hooking.
4:00 of 3rd period - Anze Kopitar wins face-off versus Ryan Nugent-Hopkins in Islanders zone.
4:10 of 3rd period - Slapshot by Brady Skjei.
4:10 of 3rd period - Shot Misses the Net.
4:12 of 3rd period - Wrist shot by Ryan Nugent-Hopkins.
4:12 of 3rd period - Shot Misses the Net.
4:14 of 3rd period - Slapshot by Brady Skjei.
4:14 of 3rd period - Stopped by Cam Ward without a rebound.
4:15 of 3rd period - Ryan Nugent-Hopkins wins face-off versus Anze Kopitar in Islanders zone.
4:22 of 3rd period - Snap shot by Kyle Clifford.
4:22 of 3rd period - Goal by Kyle Clifford - Islanders : 3 - Oilers : 3.
4:23 of 3rd period - Ryan Nugent-Hopkins wins face-off versus Anze Kopitar in neutral zone.
4:50 of 3rd period - Snap shot by Frederik Gauthier.
4:50 of 3rd period - Goal by Frederik Gauthier - Islanders : 3 - Oilers : 4.
4:51 of 3rd period - Ryan Nugent-Hopkins wins face-off versus Anze Kopitar in neutral zone.
4:51 of 3rd period - Ryan Nugent-Hopkins is hit by Chris Tierney.
4:55 of 3rd period - Slapshot by Jeff Schultz.
4:55 of 3rd period - Shot Misses the Net.
5:26 of 3rd period - Wrist shot by Leon Draisaitl.
5:26 of 3rd period - Stopped by Cam Ward without a rebound.
5:27 of 3rd period - Anze Kopitar wins face-off versus Kyle Clifford in Islanders zone.
5:37 of 3rd period - Minor Penalty to Brayden McNabb for Holding.
5:38 of 3rd period - Anze Kopitar wins face-off versus Connor McDavid in Islanders zone.
7:10 of 3rd period - Chris Tierney is hit by Brady Skjei.
7:37 of 3rd period - Penalty to Brayden McNabb is over, Brayden McNabb is back on ice.
7:47 of 3rd period - Slapshot by Frederik Gauthier.
7:47 of 3rd period - Deflect By Tyler Bertuzzi.
7:47 of 3rd period - Stopped by Cam Ward without a rebound.
7:48 of 3rd period - Michael Latta wins face-off versus Anton Slepyshev in Islanders zone.
8:08 of 3rd period - Minor Penalty to Jason Akeson for Hooking.
8:09 of 3rd period - Connor McDavid wins face-off versus Anze Kopitar in Islanders zone.
8:20 of 3rd period - Slapshot by Connor McDavid.
8:20 of 3rd period - Stopped by Cam Ward with a rebound.
8:22 of 3rd period - Slapshot by Connor Brown.
8:22 of 3rd period - Shot Blocked by Yann Sauvé.
10:08 of 3rd period - Penalty to Jason Akeson is over, Jason Akeson is back on ice.
10:12 of 3rd period - Anze Kopitar is hit by Darnell Nurse and loses puck.
10:23 of 3rd period - Snap shot by Ryan Hartman.
10:23 of 3rd period - Stopped by Mikko Koskinen with a rebound.
10:25 of 3rd period - Slapshot by Brayden McNabb.
10:25 of 3rd period - Stopped by Mikko Koskinen with a rebound.
11:27 of 3rd period - Yann Sauvé is hit by Connor Brown and loses puck.
11:55 of 3rd period - Tyler Bertuzzi is hit by Yann Sauvé and loses puck.
12:22 of 3rd period - Snap shot by Ryan Nugent-Hopkins.
12:22 of 3rd period - Deflect By Leon Draisaitl.
12:22 of 3rd period - Shot Blocked by Dylan McIlrath.
12:22 of 3rd period - Puck is out of play.
12:23 of 3rd period - Anze Kopitar wins face-off versus Connor McDavid in Islanders zone.
12:25 of 3rd period - Minor Penalty to Anze Kopitar for Holding.
12:26 of 3rd period - Brock McGinn wins face-off versus Connor McDavid in Islanders zone.
13:03 of 3rd period - Off-side.
13:04 of 3rd period - Connor McDavid wins face-off versus Melker Karlsson in neutral zone.
13:13 of 3rd period - Snap shot by Connor Brown.
13:13 of 3rd period - Shot Blocked by Brayden McNabb.
13:35 of 3rd period - Slapshot by Marcus Pettersson.
13:35 of 3rd period - Shot Misses the Net.
13:37 of 3rd period - Slapshot by Kyle Clifford.
13:37 of 3rd period - Stopped by Cam Ward with a rebound.
13:39 of 3rd period - Slapshot by Marcus Pettersson.
13:39 of 3rd period - Shot Misses the Net.
13:41 of 3rd period - Wrist shot by Ryan Nugent-Hopkins.
13:41 of 3rd period - Goal by Ryan Nugent-Hopkins - Islanders : 3 - Oilers : 5.
13:42 of 3rd period - Michael Latta wins face-off versus Connor McDavid in neutral zone.
13:53 of 3rd period - Slapshot by Michael Latta.
13:53 of 3rd period - Deflect By Kellan Lain.
13:53 of 3rd period - Shot Misses the Net.
13:53 of 3rd period - Puck is out of play.
13:54 of 3rd period - Connor McDavid wins face-off versus Anze Kopitar in Oilers zone.
14:35 of 3rd period - Minor Penalty to Dalton Prout for Hooking.
14:36 of 3rd period - Ryan Nugent-Hopkins wins face-off versus Anze Kopitar in Oilers zone.
14:54 of 3rd period - Ryan Nugent-Hopkins is hit by Yann Sauvé.
15:04 of 3rd period - Snap shot by Jason Akeson.
15:04 of 3rd period - Stopped by Mikko Koskinen with a rebound.
15:30 of 3rd period - Kyle Clifford is hit by Brayden McNabb and loses puck.
16:32 of 3rd period - Kyle Clifford is hit by Vladimir Tarasenko and loses puck.
16:35 of 3rd period - Penalty to Dalton Prout is over, Dalton Prout is back on ice.
16:40 of 3rd period - Icing by Jeff Schultz.
16:41 of 3rd period - Connor McDavid wins face-off versus Melker Karlsson in Oilers zone.
16:41 of 3rd period - Connor McDavid is hit by Andrew Shaw.
17:11 of 3rd period - Slapshot by Dylan McIlrath.
17:11 of 3rd period - Shot Misses the Net.
17:13 of 3rd period - Snap shot by Emerson Etem.
17:13 of 3rd period - Goal by Emerson Etem - Islanders : 4 - Oilers : 5.
17:14 of 3rd period - Frederik Gauthier wins face-off versus Melker Karlsson in neutral zone.
18:03 of 3rd period - Slapshot by Brady Skjei.
18:03 of 3rd period - Stopped by Cam Ward without a rebound.
18:04 of 3rd period - Michael Latta wins face-off versus Mark Jankowski in Islanders zone.
18:21 of 3rd period - Jake Virtanen is hit by Brayden McNabb and loses puck.
18:56 of 3rd period - Islanders, Cam Ward is pulled from the net.
19:18 of 3rd period - Slapshot by Darnell Nurse.
19:18 of 3rd period - Goal by Darnell Nurse - Islanders : 4 - Oilers : 6.
19:18 of 3rd period - Cam Ward from Islanders was sent back in the game.
19:19 of 3rd period - Frederik Gauthier wins face-off versus Melker Karlsson in neutral zone.
19:56 of 3rd period - Emerson Etem is hit by Zach Hyman.
Goals for this period are 1 for Islanders vs 4 for Oilers.
Shots for this period are 5 for Islanders vs 12 for Oilers.